 Dungeon Sprint DCSS version 0.28-a0-425-gd0eccab798 (webtiles) character file.

Game seed: 665616825900904496

26055 blipblop the Warrior (level 13, -14/149 HPs)
             Began as a Hill Orc Fighter on Sept 9, 2021.
             Was the Champion of Jiyva.
             Killed from afar by Aizul (26 damage)
             ... with a bolt of poison
             ... in the Dungeon (Sprint IX: "|||||||||||||||||||||||||||||").
             The game lasted 00:08:53 (1822 turns).

blipblop the Warrior (Hill Orc Fighter)             Turns: 1822, Time: 00:08:53

Health: -14/149    AC: 29    Str: 21    XL:     13   Next: 23%
Magic:  13/13      EV: 11    Int:  8    God:    Jiyva [******]
Gold:   1291       SH: 23    Dex: 16    Spells: 12/12 levels left

rFire   . . .      SeeInvis .   s - +7 broad axe (vorpal)
rCold   . . .      Faith    .   i - +0 tower shield
rNeg    . . .      Spirit   .   a - +2 plate armour
rPois   .          Reflect  .   f - +0 helmet
rElec   .          Harm     .   p - +1 cloak
rCorr   +          Rampage  .   (no gloves)
Will    .....      NoTele   +   q - +1 pair of boots
Stlth   ..........              (no amulet)
HPRegen 1.34/turn               m - +3 ring of dexterity
MPRegen 0.13/turn               n - +2 ring of protection

@: lethally poisoned (-14 -> -41)
A: claws 1, fangs 1, talons 2, large bone plates 1, regeneration 1, robust 1,
gelatinous body 1, translucent skin 1, tendrils
a: Renounce Religion, Request Jelly, Slimify, Cure Bad Mutation


You were in the Dungeon.
You worshipped Jiyva.
Jiyva was exalted by your worship.
You visited 1 branch You collected 1847 gold pieces.
You spent 556 gold pieces at shops.

Inventory:

Hand Weapons
 r - a +3 vorpal war axe
 s - a +7 vorpal broad axe (weapon)
Armour
 a - a +2 plate armour (worn)
 c - a +0 buckler
 f - a +0 helmet (worn)
 i - a +0 tower shield (worn)
 p - a +1 cloak (worn)
 q - a +1 pair of boots (worn)
Jewellery
 m - a +3 ring of dexterity (left claw)
 n - a +2 ring of protection (right claw)
Wands
 l - a wand of iceblast (10)
Scrolls
 d - a scroll of identify
 g - a scroll of fear
 j - 2 scrolls of blinking
 k - 2 scrolls of amnesia
Potions
 b - a potion of heal wounds
 e - 3 potions of curing
 h - 4 potions of magic


   Skills:
 * Level 18.5 Fighting
 + Level 18.1(19.9) Axes
 * Level 13.0(16.0) Maces & Flails
 * Level 16.2 Armour
 * Level 10.3 Dodging
 + Level 1.6 Stealth
 * Level 15.2 Shields


You had 12 spell levels left.
You didn't know any spells.
Your spell library was empty.

Dungeon Overview and Level Annotations

Branches:
Dungeon (1/1)

Altars:
Cheibriados
Dithmenos
Elyvilon
Fedhas
Gozag
Hepliaklqana
Kikubaaqudgha
Makhleb
Nemelex Xobeh
Okawaru
Qazlal
Ru
Sif Muna
Trog
Uskayaw
Vehumet
Wu Jian
Xom
Yredelemnul
Zin
The Shining One
Beogh
Jiyva
Lugonu

Shops:
D [(([

Annotations:
D Aizul


Innate Abilities, Weirdness & Mutations

You have sharp fingernails.
You have very sharp teeth.
You have razor-sharp toenails.
You are partially covered in large bone plates. (SH +4)
Your natural rate of healing is unusually fast.
You are robust. (+10% HP)
Your rubbery body absorbs attacks. (AC +1, EV +1)
Your translucent skin slightly reduces your foes' accuracy. (Stealth+)
You are covered in slimy tendrils that may disarm your opponents.


Message History

Aizul is heavily wounded.
You feel very sick. Aizul hits you but does no damage.
You slice Aizul!!
Aizul is severely wounded.
You feel very sick. You block Aizul's attack.
You closely miss Aizul.
Aizul is severely wounded.
You feel very sick. You block Aizul's attack. x2
Unknown command.
You miss Aizul.
Aizul is severely wounded.
You feel very sick. You block Aizul's attack.
You slash Aizul! Your bite misses Aizul.
Aizul is almost dead.
You feel very sick. Aizul hits you!
* * * LOW HITPOINT WARNING * * *
You hit Aizul.
Aizul is almost dead.
You feel sick. You block Aizul's attack. x2
Unknown command.
You hit Aizul.
Aizul is almost dead.
You feel sick.
Aizul coils herself and waves her upper body at you.
The bolt of poison hits you!!
You are more poisoned.
* * * LOW HITPOINT WARNING * * *
You hit Aizul. Your bite misses Aizul.
Aizul is almost dead.
* * * LOW HITPOINT WARNING * * *
You feel very sick.
Aizul coils herself and waves her upper body at you.
The bolt of poison hits you!!
You are more poisoned.
You die...

* , , , ,
▓▓▓▓▓▓▓▓▓▓▓▓▓▓▓▓▓▓♣♣♣♣♣♣
......S@................
▓▓▓▓▓▓▓▓▓▓▓▓▓▓▓▓▓▓▓▓▓▓▓▓▓▓▓▓▓▓▓▓▓
.....J......[...J......JJJJ...J..
▓▓▓▓▓▓▓▓▓▓▓▓▓▓▓▓▓▓▓▓▓▓▓▓▓▓▓▓▓▓▓▓▓
.........J.......................
▓▓▓▓▓▓▓▓▓▓▓▓▓▓▓▓▓▓▓▓▓▓▓▓▓▓▓▓▓▓▓▓▓
)))......)))[)).....).))))..∩.∩.∩
▓▓▓▓▓▓▓▓▓▓▓▓▓▓▓▓▓▓▓▓▓▓▓▓▓▓▓▓▓▓▓▓▓
..............J..................


You could see Aizul.

Vanquished Creatures
  Gastronok (D)
  2 stone giants (D)
  A fire dragon (D)
  4 hydras (D)
  A catoblepas (D)
  3 centaur warriors (D)
  A two-headed ogre (D)
  2 orc high priests (D)
  A vampire mage (D)
  2 necromancers (D)
  5 orc knights (D)
  A lindwurm (D)
  5 orc sorcerers (D)
  A manticore (D)
  9 elephants (D)
  2 cane toads (D)
  A gargoyle (D)
  An efreet (D)
  2 rime drakes (D)
  A komodo dragon (D)
  A polar bear (D)
  A wraith (D)
  A yak (D)
  7 orc warriors (D)
  A water moccasin (D)
  A wolf (D)
  3 bullfrogs (D)
  A wight (D)
  6 orc priests (D)
  4 orc wizards (D)
  An adder zombie (D)
  12 orcs (D)
  A hobgoblin (D)
  A kobold (D)
  2 quokka skeletons (D)
  3 rats (D)
92 creatures vanquished.

Vanquished Creatures (collateral kills)
  A two-headed ogre (D)
  2 orc knights (D)
  2 orc warriors (D)
5 creatures vanquished.

Vanquished Creatures (others)
  2 great orbs of eyes (D)
  A tengu warrior (D)
  A necromancer (D)
  An ugly thing (D)
  3 slime creatures (D)
  9 jellies (D)
17 creatures vanquished.

Grand Total: 114 creatures vanquished

Notes
Turn   | Place    | Note
-------+----------+-------------------------------------------
     0 | D        | blipblop the Hill Orc Fighter began the quest for the Orb.
     0 | D        | Reached XP level 1. HP: 19/19 MP: 1/1
     6 | D        | Banished a spatial maelstrom
    17 | D        | Noticed an orc priest
    22 | D        | Reached skill level 1 in Maces & Flails
    27 | D        | Reached XP level 2. HP: 24/28 MP: 2/2
    34 | D        | Reached skill level 5 in Fighting
    34 | D        | Reached skill level 1 in Dodging
    34 | D        | Reached XP level 3. HP: 28/36 MP: 3/3
    45 | D        | Found a roughly hewn altar of Beogh.
    45 | D        | Found a snail-covered altar of Cheibriados.
    45 | D        | Found a shadowy altar of Dithmenos.
    45 | D        | Found a white marble altar of Elyvilon.
    45 | D        | Found a blossoming altar of Fedhas.
    45 | D        | Found an opulent altar of Gozag.
    46 | D        | Found a hazy altar of Hepliaklqana.
    47 | D        | Found a viscous altar of Jiyva.
    48 | D        | Found an ancient bone altar of Kikubaaqudgha.
    49 | D        | Found a corrupted altar of Lugonu.
    50 | D        | Found a burning altar of Makhleb.
    51 | D        | Found a sparkling altar of Nemelex Xobeh.
    52 | D        | Found an iron altar of Okawaru.
    53 | D        | Found a stormy altar of Qazlal.
    54 | D        | Found a sacrificial altar of Ru.
    55 | D        | Became a worshipper of Jiyva Jumis the Shapeless
    56 | D        | Found a shimmering blue altar of Sif Muna.
    56 | D        | Killed a slime creature
    57 | D        | Found a bloodstained altar of Trog.
    58 | D        | Found a hide-covered altar of Uskayaw.
    58 | D        | Killed a slime creature
    58 | D        | Killed a great orb of eyes
    58 | D        | Killed a great orb of eyes
    58 | D        | Killed a slime creature
    59 | D        | Found a radiant altar of Vehumet.
    60 | D        | Found an ornate altar of the Wu Jian Council.
    61 | D        | Found a shimmering altar of Xom.
    62 | D        | Found a basalt altar of Yredelemnul.
    63 | D        | Found a glowing silver altar of Zin.
    64 | D        | Found a glowing golden altar of the Shining One.
    82 | D        | Reached * piety under Jiyva
   318 | D        | Reached ** piety under Jiyva
   318 | D        | Reached *** piety under Jiyva
   318 | D        | Reached **** piety under Jiyva
   318 | D        | Gained mutation: You expend magic power (3 MP) to
                  | strengthen your wands. [Jiyva's grace]
   318 | D        | Reached ***** piety under Jiyva
   318 | D        | Lost mutation: You expend magic power (3 MP) to strengthen
                  | your wands. [Jiyva's grace]
   518 | D        | Gained mutation: You are partially covered in iridescent
                  | scales. (AC +2) [Jiyva's grace]
   519 | D        | Reached ****** piety under Jiyva
   519 | D        | Gained mutation: Your translucent skin slightly reduces
                  | your foes' accuracy. (Stealth+) [Jiyva's grace]
   523 | D        | Noticed an orc warrior
   523 | D        | Noticed a two-headed ogre
   523 | D        | Gained mutation: You have acidic saliva. [Jiyva's grace]
   524 | D        | Gained mutation: You passively map a small area around you.
                  | [Jiyva's grace]
   524 | D        | Lost mutation: You are partially covered in iridescent
                  | scales. (AC +2) [Jiyva's grace]
   526 | D        | Reached skill level 5 in Armour
   526 | D        | Reached skill level 5 in Shields
   526 | D        | Reached XP level 4. HP: 35/44 MP: 4/4
   528 | D        | Lost mutation: You passively map a small area around you.
                  | [Jiyva's grace]
   533 | D        | Gained mutation: You have a small jelly attached to you
                  | that senses nearby items. [Jiyva's grace]
   539 | D        | Killed a two-headed ogre
   540 | D        | Reached skill level 10 in Fighting
   540 | D        | Reached skill level 5 in Maces & Flails
   540 | D        | Reached XP level 5. HP: 35/58 MP: 5/5
   540 | D        | Reached XP level 6. HP: 40/66 MP: 6/6
   540 | D        | Reached XP level 7. HP: 44/72 MP: 7/7
   545 | D        | Gained mutation: You have sharp toenails. [Jiyva's grace]
   546 | D        | Gained mutation: You are strong-willed. (Will+) [Jiyva's
                  | grace]
   552 | D        | Gained mutation: You occasionally shout uncontrollably at
                  | your foes. [Jiyva's grace]
   555 | D        | Lost mutation: You occasionally shout uncontrollably at
                  | your foes. [Jiyva's grace]
   559 | D        | Gained mutation: Your flesh is heat resistant. (rF+)
                  | [Jiyva's grace]
   560 | D        | Gained mutation: Your mind is acute. (Int +2) [Jiyva's
                  | grace]
   561 | D        | Lost mutation: Your mind is acute. (Int +2) [Jiyva's grace]
   561 | D        | Gained mutation: You have a small jelly attached to you
                  | that may absorb incoming projectiles. [Jiyva's grace]
   561 | D        | Gained mutation: Your spells are a little harder to cast,
                  | but a little more powerful. [Jiyva's grace]
   562 | D        | Reached XP level 8. HP: 69/80 MP: 8/8
   579 | D        | Noticed a centaur warrior
   579 | D        | Noticed a centaur warrior
   579 | D        | Noticed a two-headed ogre
   579 | D        | Noticed a wraith
   579 | D        | Noticed a gargoyle
   579 | D        | Noticed a troll
   583 | D        | Lost mutation: Your spells are a little harder to cast, but
                  | a little more powerful. [Jiyva's grace]
   584 | D        | Lost mutation: You are strong-willed. (Will+) [Jiyva's
                  | grace]
   588 | D        | Killed a centaur warrior
   589 | D        | Reached skill level 10 in Armour
   589 | D        | Reached skill level 5 in Dodging
   589 | D        | Reached skill level 10 in Shields
   592 | D        | Gained mutation: You passively map a small area around you.
                  | [Jiyva's grace]
   594 | D        | Gained mutation: Your melee attacks may engulf your foes in
                  | ooze. [Jiyva's grace]
   594 | D        | Lost mutation: You have a small jelly attached to you that
                  | may absorb incoming projectiles. [Jiyva's grace]
   599 | D        | Gained mutation: You have a small jelly attached to you
                  | that may absorb incoming projectiles. [Jiyva's grace]
   602 | D        | Killed a centaur warrior
   602 | D        | Lost mutation: Your flesh is heat resistant. (rF+) [Jiyva's
                  | grace]
   603 | D        | Reached skill level 10 in Axes
   603 | D        | Reached XP level 9. HP: 62/90 MP: 9/9
   603 | D        | Lost mutation: Your translucent skin slightly reduces your
                  | foes' accuracy. (Stealth+) [Jiyva's grace]
   609 | D        | Killed a two-headed ogre
   610 | D        | Gained mutation: You passively map the area around you.
                  | [Jiyva's grace]
   615 | D        | Gained mutation: You are robust. (+10% HP) [Jiyva's grace]
   616 | D        | HP: 4/101 [gargoyle (8)]
   619 | D        | Lost mutation: You have sharp toenails. [Jiyva's grace]
   619 | D        | Gained mutation: You are partially covered in iridescent
                  | scales. (AC +2) [Jiyva's grace]
   620 | D        | Lost mutation: You are partially covered in iridescent
                  | scales. (AC +2) [Jiyva's grace]
   622 | D        | Lost mutation: You are robust. (+10% HP) [Jiyva's grace]
   624 | D        | Gained mutation: You have sharp fingernails. [Jiyva's
                  | grace]
   628 | D        | Lost mutation: You passively map the area around you.
                  | [Jiyva's grace]
   631 | D        | Killed a gargoyle
   632 | D        | Slimified a troll
   632 | D        | a troll changed into a slime creature
   647 | D        | Lost mutation: You have acidic saliva. [Jiyva's grace]
   648 | D        | Gained mutation: You are partially covered in iridescent
                  | scales. (AC +2) [Jiyva's grace]
   648 | D        | Lost mutation: You have a small jelly attached to you that
                  | may absorb incoming projectiles. [Jiyva's grace]
   650 | D        | Gained mutation: You are covered in slimy tendrils that may
                  | disarm your opponents. [Jiyva's grace]
   655 | D        | Gained mutation: Your rubbery body absorbs attacks. (AC +1,
                  | EV +1) [Jiyva's grace]
   685 | D        | Gained mutation: Your flesh is cold resistant. (rC+)
                  | [Jiyva's grace]
   688 | D        | Gained mutation: You have a small jelly attached to you
                  | that may absorb incoming projectiles. [Jiyva's grace]
   690 | D        | Gained mutation: You are agile. (Dex +2) [Jiyva's grace]
   692 | D        | Lost mutation: You are partially covered in iridescent
                  | scales. (AC +2) [Jiyva's grace]
   693 | D        | Gained mutation: Your flesh is very cold resistant. (rC++)
                  | [Jiyva's grace]
   696 | D        | Gained mutation: Your natural rate of healing is unusually
                  | fast. [Jiyva's grace]
   701 | D        | Killed a purple ugly thing
   702 | D        | Gained mutation: Your muscles are strong. (Str +2) [Jiyva's
                  | grace]
   703 | D        | Lost mutation: Your muscles are strong. (Str +2) [Jiyva's
                  | grace]
   705 | D        | Gained mutation: You are strong-willed. (Will+) [Jiyva's
                  | grace]
   707 | D        | Gained mutation: You have a pair of small horns on your
                  | head. [Jiyva's grace]
   713 | D        | Lost mutation: You are strong-willed. (Will+) [Jiyva's
                  | grace]
   714 | D        | Gained mutation: You are partially covered in iridescent
                  | scales. (AC +2) [Jiyva's grace]
   718 | D        | Lost mutation: You passively map a small area around you.
                  | [Jiyva's grace]
   720 | D        | Gained mutation: Your muscles are strong. (Str +2) [Jiyva's
                  | grace]
   722 | D        | Lost mutation: Your muscles are strong. (Str +2) [Jiyva's
                  | grace]
   724 | D        | Lost mutation: You have a small jelly attached to you that
                  | senses nearby items. [Jiyva's grace]
   726 | D        | Lost mutation: Your flesh is very cold resistant. (rC++)
                  | [Jiyva's grace]
   730 | D        | Gained mutation: You are robust. (+10% HP) [Jiyva's grace]
   732 | D        | Lost mutation: Your flesh is cold resistant. (rC+) [Jiyva's
                  | grace]
   735 | D        | Gained mutation: Your translucent skin slightly reduces
                  | your foes' accuracy. (Stealth+) [Jiyva's grace]
   742 | D        | Gained mutation: You have acidic saliva. [Jiyva's grace]
   758 | D        | Noticed a seven-headed hydra
   758 | D        | Noticed a four-headed hydra
   759 | D        | Noticed a cane toad
   764 | D        | Noticed a cane toad
   772 | D        | Killed a 17-headed hydra
   773 | D        | Reached XP level 10. HP: 42/111 MP: 10/10
   777 | D        | Lost mutation: You have a pair of small horns on your head.
                  | [Jiyva's grace]
   778 | D        | Killed an eight-headed hydra
   782 | D        | Reached skill level 1 in Stealth
   783 | D        | Gained mutation: You have a small jelly attached to you
                  | that senses nearby items. [Jiyva's grace]
   788 | D        | Gained mutation: You have very sharp teeth. [Jiyva's grace]
   790 | D        | Killed a cane toad
   791 | D        | Gained mutation: Your muscles are strong. (Str +2) [Jiyva's
                  | grace]
   792 | D        | Gained mutation: You have sharp toenails. [Jiyva's grace]
   797 | D        | Gained mutation: You are very agile. (Dex +4) [Jiyva's
                  | grace]
   799 | D        | Gained mutation: Your spells are a little harder to cast,
                  | but a little more powerful. [Jiyva's grace]
   800 | D        | Killed a cane toad
   801 | D        | Gained mutation: You are somewhat resistant to further
                  | mutation. [Jiyva's grace]
   802 | D        | Lost mutation: You have sharp fingernails. [Jiyva's grace]
   804 | D        | Lost mutation: Your melee attacks may engulf your foes in
                  | ooze. [Jiyva's grace]
   820 | D        | Noticed a catoblepas
   820 | D        | Noticed a lindwurm
   822 | D        | Noticed an elephant
   830 | D        | Killed a catoblepas
   834 | D        | Reached XP level 11. HP: 80/118 MP: 11/11
   835 | D        | Noticed a four-headed hydra
   841 | D        | Reached skill level 10 in Maces & Flails
   847 | D        | Killed a lindwurm
   864 | D        | Killed an 11-headed hydra
   952 | D        | Reached skill level 15 in Fighting
   965 | D        | Reached skill level 15 in Axes
  1018 | D        | Noticed Gastronok
  1028 | D        | Killed Gastronok
  1029 | D        | Reached XP level 12. HP: 134/134 MP: 12/12
  1133 | D        | Reached skill level 15 in Armour
  1292 | D        | Found Riall's Antique Armour Emporium.
  1293 | D        | Noticed an orc high priest
  1307 | D        | Noticed a sun demon
  1308 | D        | Paralysed by an orc sorcerer for 2 turns
  1312 | D        | Found Guoh's Antique Weapon Shoppe.
  1318 | D        | Noticed a soul eater
  1319 | D        | Paralysed by an orc sorcerer for 4 turns
  1387 | D        | Killed an orc high priest
  1444 | D        | Found Waezuer's Weapon Emporium.
  1448 | D        | Found Jiewk's Antique Armour Shoppe.
  1455 | D        | Noticed an orc high priest
  1463 | D        | Noticed a sun demon
  1485 | D        | Killed an orc high priest
  1509 | D        | Bought a +7 vorpal broad axe for 430 gold pieces
  1515 | D        | Bought a tower shield for 126 gold pieces
  1515 | D        | Lost mutation: Your rubbery body absorbs attacks. (AC +1,
                  | EV +1) [Jiyva's grace]
  1519 | D        | Gained mutation: You are partially covered in large bone
                  | plates. (SH +4) [Jiyva's grace]
  1519 | D        | Lost mutation: You are partially covered in iridescent
                  | scales. (AC +2) [Jiyva's grace]
  1544 | D        | Lost mutation: You are very agile. (Dex +4) [Jiyva's grace]
  1544 | D        | Gained mutation: You are very robust. (+20% HP) [Jiyva's
                  | grace]
  1546 | D        | Gained mutation: Your translucent skin reduces your foes'
                  | accuracy. (Stealth+) [Jiyva's grace]
  1548 | D        | Gained mutation: Your system is resistant to poisons.
                  | (rPois) [Jiyva's grace]
  1549 | D        | Lost mutation: Your translucent skin reduces your foes'
                  | accuracy. (Stealth+) [Jiyva's grace]
  1549 | D        | Lost mutation: Your translucent skin slightly reduces your
                  | foes' accuracy. (Stealth+) [Jiyva's grace]
  1549 | D        | Gained mutation: Your skin changes colour to match your
                  | surroundings (Stealth+). [Jiyva's grace]
  1551 | D        | Lost mutation: You have acidic saliva. [Jiyva's grace]
  1552 | D        | Lost mutation: Your spells are a little harder to cast, but
                  | a little more powerful. [Jiyva's grace]
  1552 | D        | Lost mutation: Your muscles are strong. (Str +2) [Jiyva's
                  | grace]
  1561 | D        | Lost mutation: You have a small jelly attached to you that
                  | senses nearby items. [Jiyva's grace]
  1562 | D        | Lost mutation: You have sharp toenails. [Jiyva's grace]
  1562 | D        | Lost mutation: You are somewhat resistant to further
                  | mutation. [Jiyva's grace]
  1564 | D        | Gained mutation: Your body has grown golden eyes which may
                  | confuse attackers. (Acc +3) [Jiyva's grace]
  1565 | D        | Gained mutation: You have sharp toenails. [Jiyva's grace]
  1565 | D        | Gained mutation: You have razor-sharp toenails. [Jiyva's
                  | grace]
  1566 | D        | Gained mutation: You have sharp fingernails. [Jiyva's
                  | grace]
  1566 | D        | Lost mutation: You have a small jelly attached to you that
                  | may absorb incoming projectiles. [Jiyva's grace]
  1567 | D        | Lost mutation: Your body has grown golden eyes which may
                  | confuse attackers. (Acc +3) [Jiyva's grace]
  1567 | D        | Gained mutation: You have acidic saliva. [Jiyva's grace]
  1567 | D        | Gained mutation: Your body has grown golden eyes which may
                  | confuse attackers. (Acc +3) [Jiyva's grace]
  1568 | D        | Gained mutation: Your rubbery body absorbs attacks. (AC +1,
                  | EV +1) [Jiyva's grace]
  1568 | D        | Gained mutation: You are partially covered in iridescent
                  | scales. (AC +2) [Jiyva's grace]
  1572 | D        | Lost mutation: Your system is resistant to poisons. (rPois)
                  | [Jiyva's grace]
  1657 | D        | Noticed a centaur warrior
  1658 | D        | Noticed a tengu warrior
  1660 | D        | Noticed an eight-headed hydra
  1663 | D        | Killed a centaur warrior
  1663 | D        | Noticed a stone giant
  1666 | D        | Noticed a stone giant
  1667 | D        | Noticed a vampire mage
  1669 | D        | Killed a tengu warrior
  1673 | D        | Noticed a fire dragon
  1681 | D        | Killed a 16-headed hydra
  1687 | D        | Killed a stone giant
  1688 | D        | Reached skill level 10 in Dodging
  1688 | D        | Reached XP level 13. HP: 83/160 MP: 13/13
  1703 | D        | Killed a stone giant
  1717 | D        | Killed a fire dragon
  1718 | D        | Reached skill level 15 in Shields
  1737 | D        | Lost mutation: You are very robust. (+20% HP) [Jiyva's
                  | grace]
  1741 | D        | Lost mutation: You have acidic saliva. [Jiyva's grace]
  1742 | D        | Lost mutation: You are agile. (Dex +2) [Jiyva's grace]
  1742 | D        | Lost mutation: Your body has grown golden eyes which may
                  | confuse attackers. (Acc +3) [Jiyva's grace]
  1743 | D        | Lost mutation: Your skin changes colour to match your
                  | surroundings (Stealth+). [Jiyva's grace]
  1743 | D        | Gained mutation: Your translucent skin slightly reduces
                  | your foes' accuracy. (Stealth+) [Jiyva's grace]
  1749 | D        | Lost mutation: You are partially covered in iridescent
                  | scales. (AC +2) [Jiyva's grace]
  1802 | D        | Noticed Aizul
  1822 | D        | Killed from afar by Aizul

Illustrated notes

Levels and vault maps discovered:
D:        linesprint [early_d, line_temple, items_1, d_10, items_2, lair_1,
          lair_end, items_3, orc_1, orc_end, items_4, d_15, swamp_1, shoals_1,
          snake_1, spider_1, d_20, vaults_1, items_5, swamp_end, shoals_end,
          snake_end, spider_end, vaults_end, d_27, items_6, zot_1, zot_end,
          crypt_end, forest_end, elf_end, slime_end, tomb_end, abyss_end,
          pan_hell_end]

Skill      XL: |  1  2  3  4  5  6  7  8  9 10 11 12 13 |
---------------+----------------------------------------+-----
Fighting       | 4 5 10 12 13 15 18 | 18.5
Maces & Flails | 1 2 5 6 7 9 11 12 13 | 13.0
Axes           | 3 4 7 10 12 15 17 18 | 18.1
Armour         | 4 5 8 9 10 12 13 14 15 16 | 16.2
Dodging        | 1 4 5 6 7 8 10 | 10.3
Shields        | 4 5 9 10 11 12 13 14 15 | 15.2
Stealth        | 1 |  1.6

Action                   |  1- 3 |  4- 6 |  7- 9 | 10-12 | 13-15 || total
-------------------------+-------+-------+-------+-------+-------++-------
Melee: War axe           |    23 |    11 |    76 |   304 |       ||   414
       Bite              |       |       |    15 |    87 |    16 ||   118
       Headbutt          |       |       |     3 |     4 |       ||     7
       Broad axe         |       |       |       |    28 |    61 ||    89
Invok: Slimify           |       |       |     1 |       |       ||     1
  Use: Potion            |     2 |       |     7 |     7 |     1 ||    17
       Scroll            |       |       |     4 |     1 |       ||     5
 Stab: Invisible         |       |       |     3 |       |       ||     3
Armor: Scale mail        |     1 |       |       |       |       ||     1
       Chain mail        |     1 |     4 |    10 |       |       ||    15
       Plate armour      |       |       |    92 |   160 |    13 ||   265
Dodge: Dodged            |    11 |       |    50 |   127 |     7 ||   195
Block: Buckler           |     4 |     3 |    29 |    72 |       ||   108
       Tower shield      |       |       |       |    45 |    38 ||    83

Table legend: (Time is in decaauts)
 A = Elapsed time spent in this place.
 B = Non-inter-level travel time spent in this place.
 C = Inter-level travel time spent in this place.
 D = Time resting spent in this place.
 E = Time spent auto-exploring this place.
 F = Levels seen in this place.
 G = Mean time per level.
                   A        B        C        D        E       F      G
               +--------+--------+--------+--------+--------+-----+--------+
         Total |   1723 |   1723 |      0 |    442 |     19 |   1 | 1723.0 |
       Dungeon |   1723 |   1723 |      0 |    442 |     19 |   1 | 1723.0 |
               +--------+--------+--------+--------+--------+-----+--------+

Top non-repeatable levels by time:
       D: 1723 daAuts
